 Dungeon Crawl Stone Soup version 0.21.1-1-g345015fe64 (webtiles) character file.

3114 Oravi the Transmogrifier (level 9, -7/62 HPs)
             Began as a Merfolk Transmuter on Apr 14, 2018.
             Impaled on a porcupine's spines (12 damage)
             ... on level 8 of the Dungeon.
             The game lasted 00:27:25 (7840 turns).

Oravi the Transmogrifier (Merfolk Transmuter)       Turns: 7840, Time: 00:27:25

Health: -7/62      AC:  2    Str: 10    XL:     9   Next: 91%
Magic:  10/12      EV: 26    Int: 15    God:
Gold:   302        SH:  0    Dex: 25    Spells: 6/12 levels left

rFire    . . .     SeeInvis .     - Unarmed
rCold    . . .     Gourm    .   (shield currently unavailable)
rNeg     + . .     Faith    .   (armour currently unavailable)
rPois    x         Spirit   .   (helmet currently unavailable)
rElec    .         Reflect  .   (cloak currently unavailable)
rCorr    .         Harm     .   (gloves currently unavailable)
MR       .....                  (boots currently unavailable)
Stlth    ++........             (no amulet)
HPRegen  0.20/turn              e - +5 ring of dexterity
MPRegen  0.13/turn              i - ring of positive energy

@: lethally poisoned (-7 -> -11), spider-form
A: tiny, (change form in water), (swift swim), (stealthy swim)
a: End Transformation


You were on level 8 of the Dungeon.
You were near starving.
You were a venomous arachnid creature.
You visited 2 branches of the dungeon, and saw 9 of its levels.

You collected 302 gold pieces.

Inventory:

Missiles
 a - 113 arrows
Armour
 b - a +0 robe (melded)
Jewellery
 e - a +5 ring of dexterity (left front leg)
 i - a ring of positive energy (right front leg)
 q - an uncursed ring of stealth
 u - the ring "Luxzog" {MR+ Stlth-}
   (You took it off an orc on level 7 of the Dungeon)

   [ring of loudness]

   It affects your resistance to hostile enchantments.
   It makes you less stealthy.
Wands
 g - a wand of polymorph (10)
 n - a wand of random effects (23)
 t - a wand of flame (31)
Scrolls
 f - 5 scrolls of teleportation
 k - 2 scrolls of blinking
 l - 4 scrolls of identify
 s - a scroll of remove curse
Potions
 h - 2 potions of agility
 j - a potion of brilliance
 m - 2 potions of resistance
 p - a potion of magic
Books
 c - a book of Changes

   Spells                             Type                      Level
   a - Beastly Appendage              Transmutation                1
   b - Sticks to Snakes               Transmutation                2
   c - Spider Form                    Transmutation/Poison         3
   d - Ice Form                       Ice/Transmutation            4
   e - Blade Hands                    Transmutation                5
 o - a book of Frost

   Spells                             Type                      Level
   a - Freeze                         Ice                          1
   b - Throw Frost                    Conjuration/Ice              2
   c - Ozocubu's Armour               Charms/Ice                   3
   d - Throw Icicle                   Conjuration/Ice              4
   e - Summon Ice Beast               Ice/Summoning                4
Comestibles
 d - 13 rations


   Skills:
 + Level 2.4 Fighting
 + Level 5.6 Dodging
 + Level 9.6 Unarmed Combat
 - Level 2.0 Spellcasting
 * Level 10.0 Transmutations
 * Level 6.7 Poison Magic


You had 6 spell levels left.
You knew the following spells:

 Your Spells              Type           Power        Failure   Level  Hunger
a - Beastly Appendage     Tmut           ####..       3%          1    #......
b - Sticks to Snakes      Tmut           ####....     3%          2    ###....
c - Spider Form           Tmut/Pois      ####......   8%          3    ###....


Dungeon Overview and Level Annotations

Branches:
Dungeon (8/15)             Temple (1/1) D:4
   Lair: D:8-11

Altars:
Ashenzari
Cheibriados
Dithmenos
Elyvilon
Fedhas
Gozag
Kikubaaqudgha
Nemelex Xobeh
Okawaru
Ru
Sif Muna
Trog
Uskayaw
Vehumet
Wu Jian
Xom
Yredelemnul
Zin
The Shining One

Shops:
D:4 [   D:5 (

Annotations:
D:3 2 transporters
D:4 Goboxel's ghost, novice DrMo


Message History

The porcupine is lightly wounded.
You feel sick. The porcupine closely misses you.
You barely miss the porcupine.
The porcupine is lightly wounded.
You feel sick. The porcupine completely misses you.
You are struck by the porcupine's spines.
* * * LOW HITPOINT WARNING * * *
You bite the porcupine!
The porcupine is severely wounded.
The porcupine bites you but does no damage.
You hit the porcupine.
The porcupine is poisoned.
The porcupine is severely wounded.
You feel sick. The porcupine completely misses you.
You are struck by the porcupine's spines.
* * * LOW HITPOINT WARNING * * *
You closely miss the porcupine.
The porcupine is almost dead.
The porcupine completely misses you.
You are struck by the porcupine's spines.
You die...

.)'.......#.......#........
..#.......#.......#........
..#.......#.......#........
..#.......#.......#........
..##+######.......#...##...
........ ....#####...##...
........ ...#............
........ +............
.(...... #.s..........
........ ##r#######..#
........ #W...# ###
##+##### #........
#........ #........
####'#### .. ...


You could see a phantom and a porcupine.

Vanquished Creatures
  The ghost of Lusmu the Summoner, a novice TeSu of Nemelex Xobeh (D:6)
  Menkaure (D:4)
  A sky beast (D:5)
  A phantom (D:6)
  An ice beast (D:5)
  5 orc warriors
  A centaur (D:7)
  3 ogres
  Blork the orc (D:4)
  2 big kobolds
  2 bullfrogs (D:6)
  A wyvern skeleton (D:7)
  2 scorpions
  A howler monkey (D:6)
  A crimson imp (D:7)
  2 jellies (D:7)
  4 orc priests
  3 hounds
  8 orc wizards
  2 bullfrog skeletons
  A centaur skeleton (D:7)
  3 iguanas
  Ijyb (D:3)
  8 worker ants
  3 gnolls (D:6)
  11 adders
  A shadow imp (D:5)
  2 oozes
  3 worms
  3 dart slugs
  4 leopard geckos
  21 orcs
  7 giant cockroaches
  6 hobgoblins
  4 jackals (D:1)
  2 quokkas
  3 ball pythons
  12 bats
  6 frilled lizards
  10 goblins
  17 kobolds
  7 rats
178 creatures vanquished.

Vanquished Creatures (others)
  15 fungi (D:8)
  7 plants (D:8)
22 creatures vanquished.

Grand Total: 200 creatures vanquished

Notes
Turn   | Place    | Note
-------+----------+-------------------------------------------
     0 | D:1      | Oravi the Merfolk Transmuter began the quest for the Orb.
     0 | D:1      | Reached XP level 1. HP: 15/15 MP: 3/3
   254 | D:1      | Reached XP level 2. HP: 21/21 MP: 3/5
   267 | D:1      | Reached skill level 3 in Transmutations
   853 | D:1      | Reached XP level 3. HP: 23/26 MP: 4/6
   857 | D:1      | Learned a level 2 spell: Sticks to Snakes
   861 | D:1      | Learned a level 3 spell: Spider Form
  1189 | D:2      | Found an opulent altar of Gozag.
  1193 | D:2      | Found a sacrificial altar of Ru.
  1193 | D:2      | Found a hide-covered altar of Uskayaw.
  1573 | D:2      | Reached skill level 4 in Transmutations
  1573 | D:2      | Reached XP level 4. HP: 32/32 MP: 4/7
  2136 | D:3      | Found a shadowy altar of Dithmenos.
  2136 | D:3      | Found a bloodstained altar of Trog.
  2138 | D:3      | Found a shattered altar of Ashenzari.
  2638 | D:3      | Reached skill level 1 in Poison Magic
  2647 | D:3      | Reached XP level 5. HP: 22/37 MP: 5/8
  2800 | D:3      | Found a transporter.
  2805 | D:3      | Found a transporter.
  2806 | D:3      | Found a glowing golden altar of the Shining One.
  2806 | D:3      | Noticed a sky beast
  2830 | D:3      | Reached skill level 5 in Transmutations
  3133 | D:4      | Noticed an ogre
  3133 | D:4      | Noticed Goboxel's ghost (novice DrMo)
  3140 | D:3      | Killed an ogre
  3140 | D:3      | Reached skill level 5 in Unarmed Combat
  3277 | D:4      | Noticed Ijyb
  3277 | D:4      | Noticed an ogre
  3287 | D:3      | Killed Ijyb
  3287 | D:3      | Reached XP level 6. HP: 39/43 MP: 6/9
  3382 | D:4      | Noticed an orc warrior
  3523 | D:4      | Found Asycumap's Armour Emporium.
  3539 | D:4      | Reached skill level 6 in Transmutations
  3553 | D:4      | Noticed Menkaure
  3574 | D:4      | Killed Menkaure
  3574 | D:4      | Reached XP level 7. HP: 16/48 MP: 3/10
  3823 | D:4      | Noticed Blork the orc
  3830 | D:4      | Killed Blork the orc
  3885 | D:4      | Found a white marble altar of Elyvilon.
  3958 | D:4      | Reached skill level 7 in Transmutations
  4165 | D:4      | Found a staircase to the Ecumenical Temple.
  4212 | D:5      | Entered Level 5 of the Dungeon
  4232 | D:5      | Reached XP level 8. HP: 54/54 MP: 9/11
  4394 | D:5      | Found a snail-covered altar of Cheibriados.
  4491 | D:5      | Found Paepp's Weapon Shoppe.
  5093 | D:6      | Reached skill level 8 in Transmutations
  5093 | D:6      | Reached skill level 5 in Poison Magic
  5650 | D:6      | Noticed Lusmu's ghost (novice TeSu)
  5667 | D:6      | Killed Lusmu's ghost
  5667 | D:6      | Reached skill level 9 in Transmutations
  5667 | D:6      | Reached XP level 9. HP: 28/61 MP: 1/12
  6126 | Temple   | Entered the Ecumenical Temple
  6511 | D:7      | Found a shimmering altar of Xom.
  6584 | D:7      | Reached skill level 5 in Dodging
  6716 | D:7      | HP: 2/61 [orc/morningstar (10)]
  7215 | D:7      | Got a crude copper ring
  7460 | D:8      | Reached skill level 10 in Transmutations
  7789 | D:8      | Identified the ring "Luxzog" {MR+ Stlth-} (You took it off an orc on level 7 of the Dungeon)
  7840 | D:8      | Impaled on a porcupine's spines

Skill      XL: |  1  2  3  4  5  6  7  8  9 |
---------------+----------------------------+-----
Transmutations | 3 4 5 6 7 9 10 | 10.0
Unarmed Combat | 4 5 6 8 9 |  9.6
Dodging        | 3 4 5 |  5.6
Poison Magic   | 1 2 3 6 |  6.7
Fighting       | 2 |  2.4
Spellcasting   | |  2.0

Action                   |  1- 3 |  4- 6 |  7- 9 || total
-------------------------+-------+-------+-------++-------
Melee: Unarmed           |    87 |   119 |   321 ||   527
       Headbutt          |    10 |     1 |       ||    11
       Punch             |     2 |       |     2 ||     4
 Cast: Beastly Appendage |    17 |     3 |       ||    20
       Spider Form       |     5 |    27 |    39 ||    71
       Sticks to Snakes  |       |     3 |     8 ||    11
 Abil: End Transformatio |       |     1 |       ||     1
  Use: Scroll            |       |     7 |     6 ||    13
       Potion            |       |     4 |     4 ||     8
 Stab: Sleeping          |     2 |     2 |     4 ||     8
       Distracted        |       |       |     1 ||     1
  Eat: Chunk             |     4 |    11 |    17 ||    32
Armor: Robe              |    12 |     1 |     2 ||    15
       Skin              |     1 |    11 |     7 ||    19
Dodge: Dodged            |    59 |   105 |   245 ||   409
